 Dungeon Crawl Stone Soup version 0.27-a0-1501-g9d6fb14e67 (webtiles) character file.

Game seed: 13146647250697268464

3044 Kinoniko the Cleaver (level 9, -9/70 HPs)
             Began as a Ghoul Fighter on July 8, 2021.
             Was a Follower of Makhleb.
             Mangled by a catoblepas (23 damage)
             ... on level 7 of the Dungeon.
             The game lasted 00:09:51 (8183 turns).

Kinoniko the Cleaver (Ghoul Fighter)                Turns: 8183, Time: 00:09:52

Health: -9/70      AC: 21    Str: 22    XL:     9   Next: 86%
Magic:  11/11      EV:  3    Int:  6    God:    Makhleb [*.....]
Gold:   507        SH:  0    Dex:  8    Spells: 8/8 levels left

rFire    . . .     SeeInvis .   a - +3 war axe (venom)
rCold    + + +     Faith    .   (no shield)
rNeg     + + +     Spirit   .   r - +2 crystal plate armour
rPois    ∞         Reflect  .   i - +0 helmet
rElec    .         Harm     .   x - +0 cloak "Jauc" {rF- rC++ Str+2}
rCorr    .         Rampage  .   g - +0 pair of gloves
Will     .....                  (no boots)
Stlth    ..........             (no amulet)
HPRegen  0.00/turn              t - ring of protection from fire
MPRegen  0.12/turn              (no ring)

@: about to teleport, attractive
A: claws 1, cold resistance 1, negative energy resistance 3, inhibited
regeneration, torment resistance 2
a: Renounce Religion


You were on level 7 of the Dungeon.
You worshipped Makhleb.
Makhleb was aware of your devotion.
You visited 2 branches of the dungeon, and saw 9 of its levels.

You collected 507 gold pieces.

Inventory:

Hand Weapons
 a - a +3 war axe of venom (weapon)
 y - a +1 short sword of electrocution
Armour
 b - a +0 scale mail
 c - a +0 kite shield
 g - a +0 pair of gloves (worn)
 i - a +0 helmet (worn)
 l - a +0 chain mail
 p - the +1 scale mail of the Eternal Void {Harm rElec Will- Regen+}
   (You found it on level 4 of the Dungeon)

   rElec:     It insulates you from electricity.
   Regen:     It increases your rate of health regeneration.
   Harm:      It increases damage dealt and taken.
   Will:      It decreases your willpower.
 r - a +2 crystal plate armour (worn)
 x - the +0 cloak "Jauc" (worn) {rF- rC++ Str+2}
   (You found it on level 7 of the Dungeon)

   Str:       It affects your strength (+2).
   rF:        It makes you vulnerable to fire.
   rC:        It greatly protects you from cold.
Jewellery
 t - a ring of protection from fire (left hand)
Wands
 d - a wand of iceblast (3)
 w - a wand of paralysis (5)
 C - a wand of flame (22)
Scrolls
 e - 2 scrolls of vulnerability
 j - a scroll of torment
 v - a scroll of magic mapping
Potions
 f - a potion of cancellation {unknown}
 h - 3 potions of lignification
 k - 2 potions of ambrosia {unknown}
 m - a potion of curing {unknown}
 n - a potion of degeneration {unknown}
 q - a potion of resistance {unknown}
 s - a potion of attraction
 A - 2 potions of berserk rage {unknown}


   Skills:
 - Level 3.3 Fighting
 * Level 11.5 Axes
 - Level 2.7 Armour
 - Level 2.7 Shields
 + Level 4.5 Invocations


You had 8 spell levels left.
You didn't know any spells.
Your spell library contained the following spells:

 Spells                   Type           Power      Damage    Failure   Level
 Apportation              Tloc           0%         N/A       100%        1
 Foxfire                  Conj/Fire      0%         2x1d4     100%        1
 Conjure Flame            Conj/Fire      0%         6-21      100%        3
 Inner Flame              Hex/Fire       0%         N/A       100%        3
 Alistair's Intoxication  Tmut/Pois      0%         N/A       100%        5
 Invisibility             Hex            0%         N/A       100%        6


Dungeon Overview and Level Annotations

Branches:
Dungeon (8/15)             Temple (1/1) D:6
   Lair: D:8-11

Altars:
Ashenzari
Cheibriados
Dithmenos
Elyvilon
Fedhas
Gozag
Hepliaklqana
Kikubaaqudgha
Makhleb
Nemelex Xobeh
Okawaru
Qazlal
Ru
Sif Muna
Trog
Uskayaw
Vehumet
Wu Jian
Xom
Yredelemnul
Zin
The Shining One

Shops:
D:1 **!   D:4 :


Innate Abilities, Weirdness & Mutations

You thrive by killing the living.
You are immune to poison.
You have sharp fingernails.
Your flesh is cold resistant. (rC+)
You are immune to negative energy. (rN+++)
You do not regenerate when monsters are visible.
You are immune to unholy pain and torment.


Message History

The blast of calcifying dust hits you but does no damage.
The gnoll shaman is engulfed in calcifying dust.
Unknown command.
The gnoll shaman is engulfed in calcifying dust.
Unknown command.
The helpless gnoll shaman fails to defend itself.
You slash the gnoll shaman!
You kill the gnoll shaman!
Makhleb accepts your kill.
You feel better.
You hit the catoblepas.
The catoblepas looks as sick as possible!
The catoblepas breathes a plume of calcifying dust at you.
The blast of calcifying dust hits you!
The catoblepas gores you but does no damage.
There is a stone staircase leading down here.
You hit the catoblepas but do no damage.
The catoblepas is heavily wounded.
The catoblepas gores you but does no damage.
You hit the catoblepas.
The catoblepas is heavily wounded.
The catoblepas breathes a plume of calcifying dust at you.
The blast of calcifying dust hits you but does no damage.
Unknown command.
The catoblepas gores you!
* * * LOW HITPOINT WARNING * * *
Unknown command.
You hit the catoblepas.
The catoblepas is severely wounded.
The catoblepas gores you.
* * * LOW HITPOINT WARNING * * *
You hit the catoblepas but do no damage.
The catoblepas is severely wounded.
The catoblepas breathes a plume of calcifying dust at you.
The blast of calcifying dust hits you.
* * * LOW HITPOINT WARNING * * *
Unknown command.
Okay, then.
As you read the scroll of teleportation, it crumbles to dust.
You feel strangely unstable. The catoblepas gores you!!
You die...

......#######..##.##.............
.........^8^...##.##.............
........#####..##.##.............
...............##.##.............
...............##.##.............
...............##................
......#######..#####.............
......### #..#####...(.........
..≈≈≈≈≈≈≈≈≈##)§Y@>.....#..).#####
..≈##≈≈≈##≈##########..#....#
..≈#######≈# #.........##'###
..≈≈#)..#≈≈# #.#######.##.#
#...')..#≈≈# #.# #.##.# ##
##≈≈#)..#≈≈# #.# #.##.######.
#≈#######≈# #.# #.##.)))..#.
#≈##≈≈≈##≈# #.# ###.#######.#.
#≈≈≈≈≈≈≈≈≈###.# #......#..#.#.


You could see a catoblepas (very poisoned).

Vanquished Creatures
  A centaur zombie (D:8)
  3 yaks (D:6)
  A wyvern (D:8)
  An acid dragon (D:8)
  3 water moccasins
  3 black bears
  2 orc warriors (D:7)
  3 centaurs
  2 phantoms
  A kobold brigand (D:8)
  A scorpion (D:4)
  A water moccasin skeleton (D:5)
  A bullfrog zombie (D:6)
  2 hounds
  A gnoll shaman (D:7)
  2 orc priests
  A centaur skeleton (D:7)
  2 iguanas
  7 orc wizards
  2 killer bee zombies
  A howler monkey skeleton (D:5)
  4 adders
  2 gnolls (D:8)
  A white imp (D:6)
  2 ufetubi
  2 worms
  3 dart slugs
  22 orcs
  9 bats
  2 endoplasms
  4 giant cockroaches
  8 goblins
  4 hobgoblins
  10 jackals
  10 kobolds
  3 quokkas
  9 ball pythons
  2 frilled lizards
  7 rats
145 creatures vanquished.

Notes
Turn   | Place    | Note
-------+----------+-------------------------------------------
     0 | D:1      | Kinoniko the Ghoul Fighter began the quest for the Orb.
     0 | D:1      | Reached XP level 1. HP: 19/19 MP: 0/0
    90 | D:1      | Found Jishroghi's General Store.
   110 | D:1      | Reached skill level 2 in Axes
   237 | D:1      | Reached XP level 2. HP: 26/26 MP: 1/1
   705 | D:1      | Found Orufelev's General Store.
   832 | D:1      | Reached skill level 3 in Axes
   839 | D:1      | Reached XP level 3. HP: 31/31 MP: 2/2
   870 | D:1      | Found Paub's Distillery.
  1563 | D:2      | Found a stormy altar of Qazlal.
  1628 | D:2      | Reached XP level 4. HP: 30/38 MP: 3/3
  2265 | D:3      | Reached skill level 4 in Axes
  2330 | D:3      | Reached XP level 5. HP: 11/45 MP: 4/4
  2866 | D:3      | Reached skill level 5 in Axes
  3727 | D:4      | Reached XP level 6. HP: 46/51 MP: 5/5
  3810 | D:4      | Reached skill level 6 in Axes
  3830 | D:4      | Found Fikojatz's Book Shoppe.
  4014 | D:4      | Identified the +1 scale mail of the Eternal Void {Harm
                  | rElec Will- Regen+}
  4182 | D:5      | Entered Level 5 of the Dungeon
  4545 | D:5      | Reached XP level 7. HP: 56/57 MP: 6/6
  4612 | D:5      | Reached skill level 7 in Axes
  5145 | D:5      | Reached skill level 8 in Axes
  5215 | D:6      | Reached XP level 8. HP: 58/63 MP: 7/7
  5219 | D:6      | Identified a scroll of acquirement
  5220 | D:6      | Acquired a +2 crystal plate armour
  5339 | D:6      | Reached skill level 9 in Axes
  5542 | D:6      | Noticed a yak
  5544 | D:6      | Noticed a yak
  5544 | D:6      | Noticed a yak
  5547 | D:6      | Killed a yak
  5551 | D:6      | Killed a yak
  5552 | D:6      | Killed a yak
  5553 | D:6      | Reached skill level 10 in Axes
  5889 | D:6      | Found a staircase to the Ecumenical Temple.
  5901 | Temple   | Entered the Ecumenical Temple
  5963 | Temple   | Became a worshipper of Makhleb the Destroyer
  6039 | D:6      | Reached skill level 1 in Invocations
  6039 | D:6      | Reached XP level 9. HP: 70/70 MP: 8/8
  6375 | D:7      | Identified the +0 cloak "Jauc" {rF- rC++ Str+2}
  6408 | D:7      | Identified the +1 robe of the Chupacabra {rN+}
  7271 | D:8      | Reached skill level 11 in Axes
  7458 | D:8      | Reached * piety under Makhleb
  7787 | D:8      | Noticed a catoblepas
  8183 | D:7      | Mangled by a catoblepas

Illustrated notes

Levels and vault maps discovered:
D:1:      psy_arrival_basics, layout_basic, serial_shops, shop, shop,
          nicolae_shop_statue_plus
D:2:      layout_basic, basic_altar
D:3:      layout_loops_corners
D:4:      layout_cave_pools, serial_shops, shop
D:5:      layout_gridville, corexii_shack
D:6:      layout_gridville, minmay_temple_entry_crystal_x
D:7:      layout_basic, ebering_dispersal_statue_hall, lightli_minifort
D:8:      layout_gridville, mainiacjoe_overflow_cross_hatched,
          hangedman_minor_gate_pass
Temple:   grunt_wide_crystal_templ

Skill      XL: |  1  2  3  4  5  6  7  8  9 |
---------------+----------------------------+-----
Axes           | 2 3 4 5 6 8 10 11 | 11.5
Invocations    | 1 4 |  4.5
Fighting       | |  3.3
Armour         | |  2.7
Shields        | |  2.7

Action                   |  1- 3 |  4- 6 |  7- 9 || total
-------------------------+-------+-------+-------++-------
Melee: War axe           |   133 |   146 |   245 ||   524
  Use: Potion            |       |     2 |     4 ||     6
       Scroll            |       |     9 |     7 ||    16
 Stab: Petrified         |       |       |     2 ||     2
Armor: Scale mail        |    77 |    23 |       ||   100
       Chain mail        |       |    61 |    55 ||   116
       Crystal plate arm |       |       |   210 ||   210
Dodge: Dodged            |    73 |    60 |    51 ||   184
Block: Kite shield       |     3 |       |       ||     3

Table legend: (Time is in decaauts)
 A = Elapsed time spent in this place.
 B = Non-inter-level travel time spent in this place.
 C = Inter-level travel time spent in this place.
 D = Time resting spent in this place.
 E = Time spent auto-exploring this place.
 F = Levels seen in this place.
 G = Mean time per level.
                   A        B        C        D        E       F      G
               +--------+--------+--------+--------+--------+-----+--------+
         Total |   8276 |   7987 |    289 |   1832 |   4940 |   9 |  919.6 |
       Dungeon |   8202 |   7913 |    289 |   1832 |   4887 |   8 | 1025.2 |
        Temple |     73 |     73 |      0 |      0 |     53 |   1 |   73.0 |
               +--------+--------+--------+--------+--------+-----+--------+

Top non-repeatable levels by time:
     D:3: 1494 daAuts
     D:7: 1446 daAuts
     D:1: 1127 daAuts
     D:2: 1064 daAuts
     D:5: 1028 daAuts
     D:6: 832 daAuts
     D:8: 626 daAuts
     D:4: 582 daAuts
  Temple: 73 daAuts
